 Dungeon Crawl Stone Soup version 0.28.0-53-g5a82cb258f (console) character file.

Game seed: 16093436132485865970

69 erker the Sneak (level 4, -7/27 HPs)
             Began as an Octopode Earth Elementalist on July 30, 2022.
             Engulfed by a cloud of steam (9 damage)
             ... on level 3 of the Dungeon.
             The game lasted 00:03:30 (2369 turns).

erker the Sneak (Octopode Earth Elementalist)       Turns: 2369, Time: 00:03:31

Health: -7/27      AC:  1    Str:  7    XL:     4   Next: 20%
Magic:  7/7        EV: 13    Int: 19    God:
Gold:   152        SH:  0    Dex: 12    Spells: 6/7 levels left

rFire   . . .      SeeInvis .   a - +0 dagger
rCold   . . .      Faith    .   (no shield)
rNeg    . . .      Spirit   .   (helmet restricted)
rPois   +          Reflect  .   (no amulet)
rElec   .          Harm     .   (no ring)
rCorr   .          Rampage  .   (no ring)
Will    .....                   (no ring)
Stlth   ++++......              (no ring)
HPRegen 0.09/turn               (no ring)
MPRegen 0.10/turn               (no ring)
                                (no ring)
                                (no ring)

@: mighty
A: almost no armour, amphibious, 8 rings, camouflage 1, gelatinous body 1,
nimble swimmer 1, tentacles, antennae 1, poison resistance
a: no special abilities


You were on level 3 of the Dungeon.
You visited 1 branch of the dungeon, and saw 3 of its levels.

You collected 152 gold pieces.

Inventory:

Hand Weapons
 a - a +0 dagger (weapon)
Missiles
 b - 41 stones
 d - a throwing net
 k - 2 poisoned darts
Scrolls
 e - a scroll of torment {unknown}
 f - 4 scrolls of vulnerability {unknown}
 g - 3 scrolls of fear {unknown}
 l - a scroll of enchant armour {unknown}
 m - a scroll of blinking {unknown}
 n - a scroll of identify {unknown}
 p - a scroll of noise {unknown}
Potions
 c - a potion of ambrosia {unknown}
 h - a potion of might
 i - 2 potions of mutation
 j - a potion of brilliance {unknown}
 o - a potion of haste {unknown}
 q - a potion of degeneration {unknown}


   Skills:
 - Level 2.0 Short Blades
 - Level 2.0 Dodging
 - Level 4.0 Stealth
 - Level 2.0 Spellcasting
 - Level 1.0 Transmutations
 + Level 3.8 Earth Magic


You had 6 spell levels left.
You knew the following spells:

 Your Spells              Type           Power      Damage    Failure   Level
a - Sandblast             Erth           32%        2d9       3%          1

Your spell library contained the following spells:

 Spells                   Type           Power      Damage    Failure   Level
 Passwall                 Tmut/Erth      9%         N/A       10%         2
 Beastly Appendage        Tmut           10%        N/A       11%         1
 Wereblood                Tmut           5%         N/A       17%         2
 Stone Arrow              Conj/Erth      18%        3d8       22%         3
 Spider Form              Tmut/Pois      3%         N/A       38%         3
 Petrify                  Tmut/Erth      11%        N/A       52%         4
 Dispersal                Tloc           0%         N/A       100%        6
 Disjunction              Tloc           0%         N/A       100%        8


Dungeon Overview and Level Annotations

Branches:
Dungeon (3/15)

Altars:


Innate Abilities, Weirdness & Mutations

You cannot wear most types of armour.
You are amphibious.
You can wear up to eight rings at the same time.
Your skin changes colour to match your surroundings (Stealth+).
Your rubbery body absorbs attacks. (AC +1, EV +1)
You are camouflaged when in or above water. (Stealth+)
You have tentacles for arms and can constrict up to eight enemies at once.
You have a pair of small antennae on your head.
Your system is resistant to poisons. (rPois)


Message History

Aiming: Sandblast (safe; 3% risk of failure)
Press: ? - help, Shift-Dir - straight line, f - ball python
Aim: a ball python (severely wounded, constricted by you, constricting you, 100% to hit)
The blast of sand hits the ball python!
You kill the ball python!
The bat hits you.
You hit the bat. Your grab misses the bat.
The bat is moderately wounded.
The bat hits you but does no damage. The bat hits you but does no damage.
The bat misses you.
You miss the bat. Your grab misses the bat. Your squeeze misses the bat.
The bat is moderately wounded.
The bat hits you but does no damage. The bat closely misses you.
You closely miss the bat. You grab the bat.
The bat is moderately wounded.
You constrict the bat, but do no damage.
The bat hits you.
The bat escapes!
You hit the bat.
You kill the bat!
No target in view!
Magic restored.
You open the door.
There is an open door here.
You now have 134 gold pieces (gained 12).
You open the door.
There is an open door here.
You now have 152 gold pieces (gained 18).
You're standing in a cloud of steam!
You are engulfed in a cloud of scalding steam.
You are engulfed in a cloud of scalding steam.
You are engulfed in a cloud of scalding steam.
* * * LOW HITPOINT WARNING * * *
It was a potion of mutation.
You feel extremely strange. A pair of antennae grows on your head!
You feel resistant to poisons.
You are engulfed in a cloud of scalding steam.
* * * LOW HITPOINT WARNING * * *
It was a potion of might.
You feel very mighty all of a sudden.
You are engulfed in a cloud of scalding steam.
You die...

#..###.#.....#
#....#.#.###.#
#.##.#.#.###.#
#.##.........##
#......≈≈≈....#
##....≈≈≈≈≈...#
....#####§######
..... #§§##
...... ###@#
##### ##§# #§##
#≈≈≈§§≈#
####§§≈≈# #≈§###
####


There were no monsters in sight!

Vanquished Creatures
  3 adders (D:2)
  4 ball pythons
  A bat (D:3)
  3 endoplasms (D:1)
  A giant cockroach (D:2)
  4 goblins
  6 hobgoblins
  2 quokkas
  7 frilled lizards
  7 kobolds
  4 rats
42 creatures vanquished.

Notes
Turn   | Place    | Note
-------+----------+-------------------------------------------
     0 | D:1      | erker the Octopode Earth Elementalist began the quest for
                  | the Orb.
     0 | D:1      | Reached XP level 1. HP: 11/11 MP: 3/3
   105 | D:1      | Reached skill level 3 in Stealth
   192 | D:1      | Reached XP level 2. HP: 16/17 MP: 5/5
   197 | D:1      | Reached skill level 4 in Stealth
   755 | D:1      | Reached skill level 1 in Short Blades
  1299 | D:2      | Reached XP level 3. HP: 21/21 MP: 6/6
  1868 | D:2      | Reached XP level 4. HP: 27/27 MP: 4/7
  2368 | D:3      | Gained mutation: You have a pair of small antennae on your
                  | head. [potion of mutation]
  2368 | D:3      | Gained mutation: Your system is resistant to poisons.
                  | (rPois) [potion of mutation]
  2369 | D:3      | Engulfed by a cloud of steam

Illustrated notes

Levels and vault maps discovered:
D:1:      nagdon_arrival_double_spiral, layout_basic, minmay_tetromino_o2
D:2:      layout_loops_ring
D:3:      layout_basic, wad_floor_pattern_2, lemuel_another_geyser

Skill      XL: |  1  2 |
---------------+-------+-----
Stealth        | 3 4 |  4.0
Short Blades   | 2 |  2.0
Dodging        | |  2.0
Spellcasting   | |  2.0
Transmutations | |  1.0
Earth Magic    | |  3.8

Action                   |  1- 3 |  4- 6 || total
-------------------------+-------+-------++-------
Melee: Unarmed           |     9 |       ||     9
       Constrict         |    12 |     5 ||    17
       Tentacles         |     6 |     4 ||    10
       Dagger            |    47 |    22 ||    69
 Cast: Sandblast         |    15 |     2 ||    17
  Use: Potion            |       |     2 ||     2
 Stab: Sleeping          |    11 |     2 ||    13
Armor: Skin              |     2 |     4 ||     6
Dodge: Dodged            |    30 |    21 ||    51
